AoeStats
← EMPEROR98265292

Golden Pit

507905754Analyzed
1v1 RM · 14d ago on Sep 20, 2026· 25m 40s· 2 players
Game mode
Random Map
Map size
Tiny (2 player)
Population
200
Speed
Normal
Resources
Standard
Victory
Conquest
Starting age
Dark Age
Ending age
Imperial Age
RankedLock teamsTeams togetherTeam positionsShared explorationLock speedFull tech treeHidden civsTurbo modeCheats
Victory
Defeat
🇨🇳 Inca · China
1668
+11
🇮🇳 Wei · India
1549
-11
海峡
9:24 Feudal Age
9:24 Champi Runner
9:54 Loom
10:27 Double-Bit Axe
11:37 Horse Collar
13:25 Scale Mail Armor
16:09 Gold Mining
16:46 Forging
17:50 Gold Mining
18:44 Arson
24:49 Castle Age
24:50 Wheelbarrow
25:01 Champi Warrior
25:42 Squires
26:18 Iron Casting
25:57 Heavy Plow
EMPEROR98265292
6:58 Loom
10:08 Feudal Age
15:17 Forging
20:03 Double-Bit Axe
21:56 Scale Barding Armor
Connection lost

Rejoining the realm…

Still unreachable

The connection could not be restored.

Session expired

The server has moved on; the page needs a fresh start.